 Dungeon Crawl Stone Soup version 0.19.5 (webtiles) character file.

129 Keye the Poker (level 5, 0/45 HPs)
             Began as a Naga Gladiator on May 6, 2017.
             Slain by Chifra's ghost (9 damage)
             ... on level 3 of the Dungeon.
             The game lasted 00:05:38 (3540 turns).

Keye the Poker (Naga Gladiator)                     Turns: 3540, Time: 00:05:39

Health: 0/45       AC:  7    Str: 17    XL:     5   Next: 12%
Magic:  5/5        EV:  9    Int:  8    God:
Gold:   158        SH:  0    Dex: 13    Spells: 0 memorised, 4 levels left

rFire  . . .     SeeInvis +     a - +0 trident
rCold  . . .     Gourm    .     q - +0 ring mail
rNeg   . . .     Faith    .     (no shield)
rPois  +         Spirit   .     p - +2 hat
rElec  .         Reflect  .     x - +0 cloak
rCorr  .         Harm     .     (no gloves)
MR     .....                    (no barding)
Stlth  +.........               (no amulet)
                                (no ring)
                                (no ring)

@: very slow
A: see invisible, deformed body, poison resistance, slowness 2, slow metabolism
1, spit poison 1, AC +1
a: Spit Poison


You were on level 3 of the Dungeon.
You were very hungry.

You visited 1 branch of the dungeon, and saw 3 of its levels.

You collected 158 gold pieces.

Inventory:

Hand Weapons
 a - a +0 trident (weapon)
Missiles
 d - 3 throwing nets (quivered)
Armour
 b - a +0 leather armour
 c - a +0 helmet
 p - a +2 hat (worn)
 q - a +0 ring mail (worn)
 x - a +0 cloak (worn)
Jewellery
 l - an uncursed ring of protection from cold {unknown}
 n - an uncursed ring of fire {unknown}
 r - an uncursed amulet of rage {unknown}
Scrolls
 h - a scroll of enchant weapon {unknown}
 i - a scroll of remove curse {unknown}
 m - a scroll of fog {unknown}
 o - 2 scrolls of magic mapping {unknown}
 t - 4 scrolls of identify {unknown}
 w - a scroll of enchant armour {unknown}
Potions
 e - 3 potions of brilliance {unknown}
 s - 2 potions of curing {unknown}
 u - a potion of haste {unknown}
 v - a potion of degeneration {unknown}
Comestibles
 f - 2 bread rations
 g - a beef jerky
 j - 3 meat rations
 k - a fruit
 z - a chunk of flesh


   Skills:
 - Level 2.0 Fighting
 + Level 5.6 Polearms
 - Level 1.7 Throwing
 - Level 2.4 Dodging


You had 4 spell levels left.
You didn't know any spells.

Dungeon Overview and Level Annotations

Branches:
Dungeon (3/15)

Altars:
Elyvilon
Zin
The Shining One

Annotations:
D:3 Chifra's ghost, weakling DsGl


Innate Abilities, Weirdness & Mutations

You cannot wear boots.
Your serpentine skin is tough. (AC +1)
You have supernaturally acute eyesight. (SInv)
Armour fits poorly on your strangely shaped body.
Your system is resistant to poisons. (rPois)
You cover ground very slowly.
You have a slow metabolism.
You can spit poison.


Message History

Chifra's ghost barely misses you. Chifra's ghost hits you.
Chifra's ghost barely misses you. Chifra's ghost hits you!
Chifra's ghost hits you!
* * * LOW HITPOINT WARNING * * *
Chifra's ghost barely misses you. Chifra's ghost barely misses you.
Chifra's ghost completely misses you. Chifra's ghost barely misses you.
Chifra's ghost hits you but does no damage.
A quokka comes into view.
Chifra's ghost hits you.
* * * LOW HITPOINT WARNING * * *
The quokka bites you.
* * * LOW HITPOINT WARNING * * *
The quokka bites you but does no damage.
Chifra's ghost closely misses you.
The quokka bites you but does no damage.
Chifra's ghost hits you!
You die...

.............# #....###
......#.#..#.# #.####
.........#.#.#####.#
..............#....#
...................#
........#..........#
.......###.........####.#
........##....#rW.......#
.........#..#...@>..#####
..........#.##..<...##
..........#...>......###
.......................###
..........####......##...#
##........# #......####.#
##........####......# #.####
....................####....##
..##...............^.........#


You could see Chifra's ghost and a quokka.

Vanquished Creatures
  6 adders
  A worm (D:2)
  A dart slug (D:1)
  2 leopard geckos (D:2)
  11 bats
  A giant cockroach (D:2)
  9 goblins
  9 hobgoblins
  3 jackals (D:2)
  7 kobolds
  A quokka (D:2)
  4 frilled lizards
  13 rats
68 creatures vanquished.

Notes
Turn   | Place    | Note
-------+----------+-------------------------------------------
     0 | D:1      | Keye the Naga Gladiator began the quest for the Orb.
     0 | D:1      | Reached XP level 1. HP: 19/19 MP: 1/1
   144 | D:1      | Reached XP level 2. HP: 25/26 MP: 2/2
   561 | D:1      | Reached skill level 4 in Polearms
   603 | D:1      | Reached XP level 3. HP: 15/32 MP: 3/3
   934 | D:1      | You fall through a shaft!
  1098 | D:2      | Found a glowing golden altar of the Shining One.
  1098 | D:2      | Found a glowing silver altar of Zin.
  1098 | D:2      | Found a white marble altar of Elyvilon.
  1269 | D:2      | Reached XP level 4. HP: 38/39 MP: 4/4
  1307 | D:2      | Reached skill level 5 in Polearms
  1982 | D:3      | Noticed Chifra's ghost (weakling DsGl)
  2750 | D:3      | Reached XP level 5. HP: 45/45 MP: 5/5
  3353 | D:3      | Found a faded altar of an unknown god.
  3540 | D:3      | Slain by Chifra's ghost

Skill      XL: |  1  2  3  4 |
---------------+-------------+-----
Polearms       | 4 5 |  5.6
Fighting       | |  2.0
Throwing       | |  1.7
Dodging        | |  2.4

Action                   |  1- 3 |  4- 6 || total
-------------------------+-------+-------++-------
Melee: Trident           |   114 |   180 ||   294
 Abil: Spit Poison       |       |     1 ||     1
  Eat: Chunk             |       |     5 ||     5
Armor: Leather armour    |    28 |       ||    28
       Ring mail         |    14 |    76 ||    90
Dodge: Dodged            |    61 |    81 ||   142
